 Dungeon Crawl Stone Soup version 0.19-a0-1568-gdd01aac (webtiles) character file.

2863 Amnesiac the Geomancer (level 9, -3/57 HPs)
             Began as a Mummy Earth Elementalist on Sept 15, 2016.
             Was a Believer of Sif Muna.
             Slain by Edmund
             ... wielding a +3 dire flail of protection
              (15 damage)
             ... on level 6 of the Dungeon.
             The game lasted 00:14:32 (7070 turns).

Amnesiac the Geomancer (Mummy Earth Elementalist)   Turns: 7070, Time: 00:14:32

Health: -3/57      AC:  7    Str: 11    XL:     9   Next: 47%
Magic:  6/27       EV: 12    Int: 18    God:    Sif Muna [**....]
Gold:   278        SH:  0    Dex: 12    Spells: 5 memorised, 5 levels left

rFire  . . .     SeeInvis .     o - 40 stones
rCold  + . .     Gourm    .     m - +2 robe {rF+}
rNeg   + + +     Faith    .     (no shield)
rPois  ∞         Spirit   .     (no helmet)
rElec  .         Dismiss  .     (no cloak)
rCorr  .         Reflect  .     a - +1 pair of gloves
MR     +....     Harm     .     i - +0 pair of boots
Stlth  ++........               (no amulet)
                                c - ring of wizardry
                                k - ring of magical power

@: divine energy
A: no food or potions, fire vulnerability, cold resistance 1, negative energy
resistance 3, torment resistance, unbreathing
a: Stop Divine Energy, Renounce Religion


You were on level 6 of the Dungeon.
You worshipped Sif Muna.
Sif Muna was pleased with you.
You were not hungry.

You visited 2 branches of the dungeon, and saw 7 of its levels.

You collected 278 gold pieces.

Inventory:

Hand Weapons
 g - a +1 short sword of speed
 l - a +0 vampiric short sword
 n - a +2 battleaxe of electrocution
Missiles
 o - 40 stones (in hand)
Armour
 a - a +1 pair of gloves (worn)
 i - a +0 pair of boots (worn)
 m - a +2 robe of fire resistance (worn)
Jewellery
 c - a ring of wizardry (right hand)
 k - a ring of magical power (left hand)
Wands
 b - a wand of polymorph (12/24)
Scrolls
 e - 2 scrolls of identify
 f - a scroll of amnesia
 h - a scroll of teleportation
 j - 3 scrolls of remove curse
 p - a scroll of fog
Books
 d - a book of Geomancy

   Spells                             Type                      Level
   a - Sandblast                      Earth                        1
   b - Passwall                       Transmutation/Earth          2
   c - Stone Arrow                    Conjuration/Earth            3
   d - Petrify                        Transmutation/Earth          4
   e - Lee's Rapid Deconstruction     Earth                        5


   Skills:
 - Level 1.5 Dodging
 - Level 1.5 Stealth
 + Level 6.0 Spellcasting
 - Level 0.7 Transmutations
 * Level 10.0 Earth Magic


You had 5 spell levels left.
You knew the following spells:

 Your Spells              Type           Power        Failure   Level  Hunger
a - Lee's Rapid Deconstr  Erth           #####.....   2%          5    N/A
e - Petrify               Tmut/Erth      ###.....     7%          4    N/A
f - Stone Arrow           Conj/Erth      ###...       1%          3    N/A
v - Passwall              Tmut/Erth      ###.......   1%          2    N/A
z - Sandblast             Erth           #####.       1%          1    N/A

Dungeon Overview and Level Annotations

Branches:
Dungeon (6/15)             Temple (1/1) D:5

Altars:
Ashenzari
Cheibriados
Dithmenos
Fedhas
Kikubaaqudgha
Makhleb
Sif Muna
Trog
Uskayaw
Vehumet
The Shining One

Annotations:
D:6 Edmund


Innate Abilities, Weirdness & Mutations

You do not eat or drink.
Your flesh is vulnerable to fire.
You are immune to poison.
Your flesh is cold resistant. (rC+)
You are immune to negative energy. (rN+++)
You are immune to unholy pain and torment.
You can survive without breathing.


Message History

Edmund closely misses you.
Casting: Stone Arrow
Confirm with . or Enter, or press ? or * to list all spells.
Aiming: Stone Arrow
Press: ? - help, Shift-Dir - straight line, f/p - Edmund
Aim: Edmund, wielding a dire flail of protection and wearing a ring mail (moderately wounded)
The stone arrow hits Edmund.
Edmund is heavily wounded.
The orc priest calls down the wrath of Beogh upon you.
Beogh smites you!
* * * LOW HITPOINT WARNING * * *
Edmund hits you but does no damage.
Casting: Stone Arrow
Confirm with . or Enter, or press ? or * to list all spells.
Aiming: Stone Arrow
Press: ? - help, Shift-Dir - straight line, f/p - Edmund
Aim: Edmund, wielding a dire flail of protection and wearing a ring mail (heavily wounded)
The stone arrow misses Edmund.
The stone arrow misses the orc priest.
Edmund hits you with a dire flail of protection!
You die...

.......#....######.#
#.#<#.#
............# #.#
#.#%#.#
###.######.#######.#
#.#...# ....#
#..........#o#
#.#.######
....###..........#.#
#........#
.................#.#
#.#.####.#
.....##..........#.#
#.....#
...............###†#
#...#.#
................@@.#
#####.#
.................o.#
#
####...............#
#...............#
#################


You could see Edmund and an orc priest.

Vanquished Creatures
  The ghost of zkyp the Carver, a novice HuGl (D:5)
  Pikel (D:5)
  Sigmund (D:4)
  Eustachio (D:4)
  Duvessa (D:6)
  4 slaves (D:6)
  3 ogres
  A centaur (D:5)
  2 bullfrogs (D:6)
  Dowan (D:6)
  A scorpion (D:4)
  A howler monkey (D:6)
  2 crimson imps
  A bullfrog skeleton (D:4)
  5 hounds
  4 orc priests
  A jelly (D:6)
  An iguana (D:4)
  4 orc wizards
  3 worker ants
  3 hound skeletons
  7 adders
  2 shadow imps
  An ooze (D:3)
  4 worms
  4 dart slugs
  7 leopard geckos
  15 orcs
  3 ball pythons
  5 giant cockroaches
  8 goblins
  3 hobgoblins
  17 jackals
  2 quokkas
  8 bats
  7 frilled lizards
  A giant cockroach zombie (D:5)
  A jackal skeleton (D:5)
  8 kobolds
  A leopard gecko skeleton (D:4)
  A leopard gecko zombie (D:5)
  11 rats
158 creatures vanquished.

Vanquished Creatures (others)
  A jackal (D:3)
1 creature vanquished.

Grand Total: 159 creatures vanquished

Notes
Turn   | Place    | Note
-------+----------+-------------------------------------------
     0 | D:1      | Amnesiac the Mummy Earth Elementalist began the quest for the Orb.
     0 | D:1      | Reached XP level 1. HP: 13/13 MP: 3/3
   236 | D:2      | Found a bloodstained altar of Trog.
   253 | D:2      | Reached XP level 2. HP: 13/19 MP: 1/5
   450 | D:2      | Reached skill level 3 in Earth Magic
   525 | D:3      | Found a radiant altar of Vehumet.
   537 | D:3      | Reached XP level 3. HP: 24/24 MP: 6/6
   635 | D:3      | Reached XP level 4. HP: 25/30 MP: 0/7
   744 | D:3      | Reached skill level 4 in Earth Magic
   862 | D:3      | Learned a level 3 spell: Stone Arrow
  1018 | D:3      | Reached XP level 5. HP: 26/35 MP: 8/8
  1461 | D:3      | Reached skill level 5 in Earth Magic
  1723 | D:4      | Noticed Eustachio
  1739 | D:4      | Reached XP level 6. HP: 36/41 MP: 1/9
  1812 | D:4      | Learned a level 2 spell: Passwall
  1980 | D:4      | Killed Eustachio
  1980 | D:4      | Reached skill level 6 in Earth Magic
  2115 | D:4      | Noticed Blork the orc
  2122 | D:4      | Noticed Blork
  2122 | D:4      | Blork the orc changed into Blork the worm
  2130 | D:4      | Killed Blork the worm
  2238 | D:4      | Reached XP level 7. HP: 37/46 MP: 4/12
  2851 | D:4      | Noticed Sigmund
  2854 | D:4      | Killed Sigmund
  3012 | D:4      | Reached skill level 5 in Spellcasting
  3891 | D:5      | Entered Level 5 of the Dungeon
  4110 | D:5      | Found a staircase to the Ecumenical Temple.
  4136 | Temple   | Entered the Ecumenical Temple
  4184 | Temple   | Became a worshipper of Sif Muna the Loreminder
  4464 | D:1      | Reached XP level 8. HP: 52/52 MP: 15/15
  4851 | D:1      | Reached skill level 7 in Earth Magic
  5055 | D:2      | Found a shadowy altar of Dithmenos.
  5494 | D:5      | Noticed zkyp's ghost (novice HuGl)
  5876 | D:5      | Reached * piety under Sif Muna
  6093 | D:5      | Killed zkyp's ghost
  6093 | D:5      | Reached skill level 9 in Earth Magic
  6555 | D:6      | Learned a level 4 spell: Petrify
  6561 | D:6      | Learned a level 5 spell: Lee's Rapid Deconstruction
  6610 | D:6      | Reached XP level 9. HP: 52/57 MP: 12/16
  6695 | D:6      | Reached ** piety under Sif Muna
  6732 | D:6      | Noticed Pikel
  6756 | D:5      | Killed Pikel
  6932 | D:6      | Noticed Dowan
  6934 | D:6      | Noticed Duvessa
  6943 | D:6      | Killed Duvessa
  6944 | D:6      | Killed Dowan
  7019 | D:6      | Reached skill level 10 in Earth Magic
  7045 | D:6      | Noticed Edmund
  7070 | D:6      | Slain by Edmund

Vault maps used:
D:1:      dpeg_arrival_windows_large_door, minmay_door_square
D:2:      bloody_trog, serial_forest, infiniplex_forest_clump_tiny,
          infiniplex_forest_clump_diagonal, infiniplex_forest_3_way,
          infiniplex_forest_clump_small, infiniplex_forest_end_2,
          infiniplex_forest_lined_room_2, infiniplex_forest_end_double,
          infiniplex_forest_straight_3, nicolae_dithmenos_through_a_glass_darkly
D:3:      fiery_altar_vehumet, gup_sewer_entry_spiral
D:4:      serial_forest, infiniplex_forest_clump_medium,
          infiniplex_forest_lined_3, infiniplex_forest_straight_4,
          infiniplex_forest_straight_2, infiniplex_forest_fountain,
          infiniplex_forest_end_1, infiniplex_forest_end_1, first_bread,
          uniq_eustachio, uniq_sigmund, uniq_blork_the_orc
D:5:      serial_bayou_ford_a
D:6:      regret_index_temple_of_mockery, uniq_duvessa, uniq_edmund, uniq_pikel
Temple:   regret_index_temple_waves

Skill      XL: |  1  2  3  4  5  6  7  8  9 |
---------------+----------------------------+-----
Earth Magic    | 3 4 5 6 9 10 | 10.0
Spellcasting   | 3 5 6 |  6.0
Dodging        | |  1.5
Stealth        | |  1.5
Transmutations | |  0.7

Action                   |  1- 3 |  4- 6 |  7- 9 || total
-------------------------+-------+-------+-------++-------
Melee: Short sword       |    48 |   182 |       ||   230
       Battleaxe         |       |    12 |   125 ||   137
 Cast: Sandblast         |    13 |    20 |    65 ||    98
       Stone Arrow       |       |    21 |    76 ||    97
Invok: Divine Energy     |       |       |     1 ||     1
Evoke: Wand              |       |     2 |       ||     2
  Use: Scroll            |       |     1 |     3 ||     4
 Stab: Sleeping          |     4 |     1 |     2 ||     7
Armor: Robe              |    20 |    52 |    87 ||   159
Dodge: Dodged            |    29 |   103 |   161 ||   293
